 Dungeon Crawl Stone Soup version 0.17.1-3-g152610e (webtiles) character file.

79 MrTails the Chopper (level 4, -2/34 HPs)
             Began as a Demonspawn Gladiator on Feb 21, 2016.
             Slain by an orc wizard
             ... wielding a +0 dagger
              (4 damage)
             ... on level 3 of the Dungeon.
             The game lasted 00:02:40 (1810 turns).

MrTails the Chopper (Demonspawn Gladiator)          Turns: 1810, Time: 00:02:40

Health: -2/34      AC:  4    Str: 16    XL:     4   Next: 16%
Magic:  4/4        EV: 12    Int:  9    God:
Gold:   158        SH:  0    Dex: 14    Spells: 0 memorised, 3 levels left

rFire  . . .     SeeInvis .     a - +0 war axe
rCold  . . .     Clarity  .     b - +0 leather armour
rNeg   . . .     SustAt   .     (no shield)
rPois  .         Gourm    .     c - +0 helmet
rElec  .         Spirit   .     (no cloak)
rCorr  .         Warding  .     (no gloves)
rMut   .         Stasis   .     (no boots)
MR     .....                    (no amulet)
Stlth  +.........               (no ring)
                                (no ring)

@: not resistant to hostile enchantments, very unstealthy
A: hooves 1, powered by pain 2
a: no special abilities


You were on level 3 of the Dungeon.
You were not hungry.

You visited 1 branch of the dungeon, and saw 3 of its levels.

You collected 158 gold pieces.

Inventory:

Hand Weapons
 a - a +0 war axe (weapon)
Missiles
 d - 3 throwing nets (quivered)
Armour
 b - a +0 leather armour (worn)
 c - a +0 helmet (worn)
Jewellery
 x - an uncursed ring of poison resistance {unknown}
Wands
 w - a wand of frost (35)
Scrolls
 f - a scroll of random uselessness {unknown}
 g - a scroll of magic mapping {unknown}
 k - 3 scrolls of identify {unknown}
 l - a scroll of recharging {unknown}
 r - a scroll of immolation {unknown}
 s - 3 scrolls of teleportation {unknown}
 t - 3 scrolls of noise {unknown}
Potions
 i - a potion of brilliance {unknown}
 m - a potion of cancellation {unknown}
 n - 4 potions of heal wounds {unknown}
 p - 2 potions of curing {unknown}
 q - a potion of degeneration {unknown}
 u - a potion of poison {unknown}
Comestibles
 e - 2 bread rations
 h - a royal jelly
 j - a beef jerky
 o - 2 meat rations
 v - 3 chunks of flesh


   Skills:
 + Level 2.6 Fighting
 * Level 3.9 Axes
 - Level 1.9 Throwing
 + Level 0.8 Armour
 - Level 2.8 Dodging


You had 3 spell levels left.
You didn't know any spells.

Dungeon Overview and Level Annotations

Branches:
Dungeon (3/15)

Altars:
Fedhas
Vehumet


Innate Abilities, Weirdness & Mutations

You have large cloven feet.
You sometimes gain power by taking damage.


Message History

The orc wizard seems to speed up.
You hit the orc but do no damage. Your kick misses the orc.
The orc is heavily wounded.
The orc hits you with a short sword.
* * * LOW HITPOINT WARNING * * *
You hit the orc.
You kill the orc!
The orc wizard hits you but does no damage.
You closely miss the orc wizard.
The orc wizard hits you but does no damage. x2
You barely miss the orc wizard. Your kick misses the orc wizard.
The orc wizard casts a spell at you. The magic dart hits you!
* * * LOW HITPOINT WARNING * * *
The orc wizard hits you with a dagger.
* * * LOW HITPOINT WARNING * * *
You closely miss the orc wizard.
You kick the orc wizard, but do no damage.
The orc wizard hits you with a dagger.
You die...

#...##
#...........
##.##
###########.
#.#
#....<..#.
#.###
#..#####...
#...# #...
#...# #...
#...# #)[.
##.## #.##
#@# .... #o#
.....## #o#
###.### #o#
#. #o# ..
#.# ## #.#
#..


You could see 2 orc priests, an orc wizard and an orc.

Vanquished Creatures
  3 adders (D:2)
  An ooze (D:1)
  A giant gecko (D:1)
  4 orcs (D:3)
  5 ball pythons
  5 bats (D:1)
  2 giant cockroaches (D:1)
  2 goblins (D:1)
  5 hobgoblins (D:1)
  4 jackals (D:2)
  6 kobolds
  4 rats
42 creatures vanquished.

Notes
Turn   | Place    | Note
--------------------------------------------------------------
     0 | D:1      | MrTails the Demonspawn Gladiator began the quest for the Orb.
     0 | D:1      | Reached XP level 1. HP: 16/16 MP: 1/1
    68 | D:1      | Reached skill level 3 in Axes
    84 | D:1      | Gained mutation: You sometimes gain a little power by taking damage. [demonic ancestry]
    84 | D:1      | Reached XP level 2. HP: 13/22 MP: 2/2
   858 | D:1      | Gained mutation: You sometimes gain power by taking damage. [demonic ancestry]
   858 | D:1      | Reached XP level 3. HP: 20/28 MP: 3/3
  1085 | D:2      | Found a blossoming altar of Fedhas.
  1158 | D:2      | Found a radiant altar of Vehumet.
  1575 | D:2      | Gained mutation: You have large cloven feet. [demonic ancestry]
  1575 | D:2      | Reached XP level 4. HP: 24/34 MP: 4/4
  1810 | D:3      | Slain by an orc wizard

Action                   |  1- 3 |  4- 6 || total
-------------------------+-------+-------++-------
Melee: War axe           |   101 |    29 ||   130
  Eat: Chunk             |     2 |     1 ||     3
